 Dungeon Crawl Stone Soup version 0.23.2-33-g5129a83184 (webtiles) character file.

Game seed: 3319013054507069515

59150 psyvane the Umbral (level 14, -2/110 HPs)
             Began as a Demonspawn Artificer on July 7, 2019.
             Was an Elder of Dithmenos.
             Killed by divine providence
             ... invoked by an orc priest
              (11 damage)
             ... on level 1 of the Orcish Mines.
             The game lasted 03:07:09 (32134 turns).

psyvane the Umbral (Demonspawn Artificer)          Turns: 32134, Time: 03:07:10

Health: -2/110     AC: 17    Str: 17    XL:     14   Next: 52%
Magic:  0/23       EV: 21    Int: 12    God:    Dithmenos [****..]
Gold:   1762       SH:  8    Dex: 23    Spells: 6/13 levels left

rFire    x x .     SeeInvis .   c - +2 dagger (venom)
rCold    + . .     Gourm    .   U - -2 buckler (curse)
rNeg     + . .     Faith    .   L - +0 leather armour of Servitude {rF- rCorr Dex+8}
rPois    +         Spirit   +   m - +2 helmet
rElec    .         Reflect  +   l - scarf {Spirit}
rCorr    +         Harm     .   b - +2 pair of gloves
MR       +....                  I - +0 pair of boots
Stlth    +++++++++.             D - +3 amulet of reflection
HPRegen  0.28/turn              q - ring of Xonups {Ice rPois rN+}
MPRegen  0.18/turn              t - +4 ring of protection

@: wreathed by umbra
A: hooves 2, icy blue scales 2, demonic guardian 1, nightstalker 2
a: Shadow Step, Renounce Religion


You were on level 1 of the Orcish Mines.
You worshipped Dithmenos.
Dithmenos was greatly pleased with you.
You were hungry.

You visited 3 branches of the dungeon, and saw 21 of its levels.

You collected 1931 gold pieces.
You spent 169 gold pieces at shops.

Inventory:

Hand Weapons
 c - a +2 dagger of venom (weapon)
Missiles
 H - 295 arrows
Armour
 b - a +2 pair of gloves (worn)
 g - a +2 chain mail of cold resistance
 l - a scarf of spirit shield (worn)
 m - a +2 helmet (worn)
 B - a +1 troll leather armour {Snorg}
 I - a +0 pair of boots (worn)
 L - the +0 leather armour of Servitude (worn) {rF- rCorr Dex+8}
   (You found it on level 10 of the Dungeon)

   It affects your dexterity (+8).
   It makes you vulnerable to fire.
   It provides partial protection from all sources of acid and corrosion.
 U - a cursed -2 buckler (worn)
Jewellery
 q - the ring of Xonups (left hand) {Ice rPois rN+}
   (You found it on level 12 of the Dungeon)

   [ring of ice]

   It enhances your ice magic.
   It makes you vulnerable to fire.
   It protects you from cold.
   It protects you from poison.
   It protects you from negative energy.
 t - a +4 ring of protection (right hand)
 u - a +2 ring of evasion
 D - a +3 amulet of reflection (around neck)
 N - an uncursed ring of flight
 T - an uncursed amulet of magic regeneration
 V - an uncursed ring of protection from cold
 X - an uncursed ring of poison resistance
 Y - an uncursed ring of protection from magic
 Z - an uncursed ring of protection from fire
Wands
 d - a wand of enslavement (35)
 p - a wand of polymorph (5)
 w - a wand of disintegration (10)
 y - a wand of iceblast (13)
 S - a wand of paralysis (27)
 W - a wand of flame (46)
Scrolls
 a - 6 scrolls of remove curse
 k - 2 scrolls of magic mapping
 v - 3 scrolls of fear
 A - 2 scrolls of amnesia
Potions
 n - 3 potions of lignification
 o - 3 potions of flight
 z - 2 potions of degeneration
 J - 2 potions of berserk rage
 K - 2 potions of ambrosia
 P - 2 potions of mutation
Miscellaneous
 C - a phantom mirror
 E - a phial of floods
 M - a crystal ball of energy
Comestibles
 f - 32 rations


   Skills:
 - Level 10.0 Fighting
 - Level 10.0 Short Blades
   Level 2.4 Axes
 - Level 10.1 Dodging
 - Level 10.5 Stealth
 - Level 6.8 Shields
 - Level 4.7 Hexes
 - Level 5.0 Transmutations
 * Level 4.0 Ice Magic
 - Level 12.3 Invocations
 - Level 4.6 Evocations


You had 6 spell levels left.
You knew the following spells:

 Your Spells              Type           Power        Failure   Level  Hunger
a - Sticks to Snakes      Tmut           ##......     8%          2    ###....
b - Metabolic Englaciati  Hex/Ice        ###.......   88%         5    ######.

Your spell library contained the following spells:

 Spells                   Type           Power        Failure   Level  Hunger
 Beastly Appendage        Tmut           ##....       5%          1    ##.....
 Corona                   Hex            ##.....      6%          1    ##.....
 Slow                     Hex            ##......     9%          2    ###....
 Passwall                 Tmut/Erth      #.......     22%         2    ###....
 Pain                     Necr           #...         38%         1    ##.....
 Sandblast                Erth           #.....       38%         1    ##.....
 Summon Small Mammal      Summ           #...         38%         1    ##.....
 Spider Form              Tmut/Pois      #.........   41%         3    ####...
 Inner Flame              Hex/Fire       #.......     43%         3    ####...
 Portal Projectile        Hex/Tloc       #.....       43%         3    ####...
 Cause Fear               Hex            ##........   52%         4    #####..
 Ice Form                 Ice/Tmut       ###.....     54%         4    #####..
 Stone Arrow              Conj/Erth      #.....       77%         3    ####...
 Petrify                  Tmut/Erth      #.......     82%         4    #####..
 Blade Hands              Tmut           ##........   82%         5    ######.
 Leda's Liquefaction      Hex/Erth       #.........   83%         4    #####..
 Bolt of Draining         Conj/Necr      #.........   100%        5    ######.
 Dispel Undead            Necr           #.......     100%        5    ######.
 Lee's Rapid Deconstruct  Erth           #.........   100%        5    ######.
 Bolt of Cold             Conj/Ice       #.........   100%        6    #######
 Death Channel            Necr           #.........   100%        6    #######
 Freezing Cloud           Conj/Ice/Air   #.........   100%        6    #######
 Ozocubu's Refrigeration  Ice            ##........   100%        6    #######
 Simulacrum               Ice/Necr       #.........   100%        6    #######


Dungeon Overview and Level Annotations

Branches:
Dungeon (13/15)            Temple (0/1) D:5            Lair (6/6) D:10
  Swamp (0/4) Lair:2        Snake (0/4) Lair:4        Slime (0/5) Lair:5
    Orc (2/2) D:11            Elf (0/3) Orc:2        Vaults (0/5) D:13

Altars:
Ashenzari
Dithmenos
Elyvilon
Fedhas
Hepliaklqana
Kikubaaqudgha
Makhleb
Okawaru
Wu Jian
Beogh

Shops:
D:5 !   D:10 (   D:11 !   Orc:2 }*=%

Annotations:
D:5 doot's ghost, novice TeVM
D:8 RatmanManrat's ghost, novice MiBe
D:13 Nessos
Lair:1 wutend's ghost, journeyman TrBe
Lair:4 1 runed translucent door, raph's ghost, journeyman HaBe
Lair:5 exclusion: oklob plant


Innate Abilities, Weirdness & Mutations

You have hoof-like feet.
You are mostly covered in icy blue scales. (AC +3)
A weak demonic guardian rushes to your aid.
You are significantly more attuned to the shadows.


Message History

The orc warrior throws a tomahawk.
The tomahawk misses your adder.
You reflect the tomahawk off an invisible shield around you!
The tomahawk hits your adder!!
Your adder dies!
Welcome back, psyvane the Demonspawn Artificer.
Dithmenos says: Spread the eternal night.
Press ? for a list of commands and other information.
Okay, then.
Okay, then.
Remove which piece of jewellery? (? for menu, Esc to quit)
Okay, then.
Okay, then.
Okay, then.
Okay, then.
Items here: )) [ † a +0 whip; a +0 chain mail; a +0 long sword; an orc corpse You completely miss the orc priest.
The orc priest invokes the aid of Beogh against you.
Beogh smites you!
You die...

...........
#...........
#...........
o.......o......#...
......##.........o.
...ogog)oo.........
.....o####.....o...
..###o###........##
. #@(.# #oo<....#
##(## #ooo.#.## ###
#oo#.# ##.##.#
#...### ##.## ...
##.## ### ###


You could see an orc warrior, an orc priest, a gnoll and an orc.

Vanquished Creatures
  Rupert (Lair:4)
  Snorg (Orc:1)
  Josephine (D:10)
  6 hydras
  A catoblepas (Lair:6)
  2 two-headed ogres
  A deep troll shaman (Lair:6)
  Urug (Orc:2)
  5 death yaks (Lair:6)
  An unseen horror (D:12)
  Pikel (D:6)
  2 deep elf magi
  3 orc knights
  An orc sorcerer (Orc:1)
  13 elephants
  2 cyclopes
  5 black mambas
  10 spiny frogs
  2 rime drakes
  6 komodo dragons
  6 polar bears
  3 trolls
  12 blink frogs
  5 dream sheep (Lair:4)
  10 hippogriffs
  A meliai zombie (D:12)
  2 wyverns
  2 water elementals (D:11)
  27 yaks
  A human (D:7)
  5 basilisks
  Grum (D:9)
  3 hogs (D:7)
  4 wraiths
  Menkaure (D:6)
  2 vampire mosquitoes (D:12)
  3 wargs (Orc:1)
  6 nagas (Lair:4)
  11 porcupines
  8 water moccasins
  Duvessa (D:5)
  An ice beast (D:12)
  34 orc warriors
  2 slaves (D:6)
  4 sky beasts
  A phantom (D:9)
  An eye of draining (D:10)
  21 wolves
  4 black bears (Lair:2)
  11 ogres
  12 centaurs
  16 crocodiles
  A big kobold (D:8)
  11 bullfrogs
  Dowan (D:5)
  A wyvern skeleton (D:10)
  A water moccasin skeleton (D:10)
  4 scorpions
  5 killer bees
  14 electric eels
  6 howler monkeys
  A lava snake (Lair:3)
  6 crimson imps
  3 centaur zombies
  2 hounds (D:10)
  3 jellies
  13 orc priests
  23 orc wizards
  2 bullfrog skeletons
  A centaur skeleton (D:8)
  4 iguanas
  3 worker ants
  5 hell rats
  A hound zombie (D:8)
  A spectral worker ant (D:8)
  3 gnolls (D:6)
  2 howler monkey skeletons
  A river rat (D:5)
  10 adders
  2 shadow imps
  A white imp (D:9)
  2 oozes
  An adder zombie (D:5)
  3 adder skeletons
  6 worms (D:5)
  A dart slug (D:1)
  3 leopard geckos
  63 orcs
  8 bats
  9 giant cockroaches
  8 hobgoblins
  12 jackals
  10 kobolds
  3 quokkas
  2 ball pythons (D:1)
  3 frilled lizards
  8 goblins
  A leopard gecko skeleton (D:5)
  2 quokka skeletons (D:5)
  9 rats
571 creatures vanquished.

Vanquished Creatures (collateral kills)
  2 blink frogs (Lair:6)
  A yak (Lair:6)
  A basilisk (D:12)
  A water moccasin (Lair:6)
  2 orc warriors (Orc:2)
  An orc priest (Orc:1)
  A gnoll (Orc:1)
  6 orcs
  A plant (Lair:6)
16 creatures vanquished.

Vanquished Creatures (others)
  2 centaurs
  A hound (D:11)
  2 orc wizards
  4 orcs
  2 kobolds (D:8)
  A bush (Lair:6)
  27 fungi
  17 plants
56 creatures vanquished.

Grand Total: 643 creatures vanquished

Notes
Turn   | Place    | Note
-------+----------+-------------------------------------------
     0 | D:1      | psyvane the Demonspawn Artificer began the quest for the
                  | Orb.
     0 | D:1      | Reached XP level 1. HP: 15/15 MP: 3/3
   454 | D:1      | Gained mutation: You are partially covered in icy blue
                  | scales. (AC +2) [demonic ancestry]
   454 | D:1      | Reached XP level 2. HP: 20/21 MP: 4/4
   963 | D:1      | Gained mutation: You have large cloven feet. [demonic
                  | ancestry]
   963 | D:1      | Reached XP level 3. HP: 22/26 MP: 6/6
  1739 | D:2      | Gained mutation: You are slightly more attuned to the
                  | shadows. [demonic ancestry]
  1739 | D:2      | Reached XP level 4. HP: 27/32 MP: 7/7
  2364 | D:3      | Reached skill level 1 in Axes
  2364 | D:3      | Gained mutation: You are significantly more attuned to the
                  | shadows. [demonic ancestry]
  2364 | D:3      | Reached XP level 5. HP: 38/38 MP: 8/8
  2531 | D:3      | Reached skill level 1 in Stealth
  2668 | D:3      | Found a blossoming altar of Fedhas.
  3279 | D:4      | Reached XP level 6. HP: 24/46 MP: 9/9
  4136 | D:5      | Entered Level 5 of the Dungeon
  4141 | D:5      | Noticed a sky beast
  4175 | D:5      | Found a staircase to the Ecumenical Temple.
  4225 | D:5      | Found Biovuthe's Distillery.
  4234 | D:5      | Bought a potion of heal wounds for 65 gold pieces
  4234 | D:5      | Bought a potion of might for 52 gold pieces
  4273 | D:5      | Killed a sky beast
  4658 | D:5      | Gained mutation: You are mostly covered in icy blue scales.
                  | (AC +3) [demonic ancestry]
  4658 | D:5      | Reached XP level 7. HP: 51/51 MP: 10/10
  4669 | D:5      | Noticed Duvessa
  4671 | D:5      | Noticed Dowan
  4691 | D:5      | Killed Duvessa
  4691 | D:5      | Reached skill level 5 in Stealth
  4695 | D:5      | Killed Dowan
  4743 | D:5      | Found a runed translucent door.
  4751 | D:5      | Noticed doot's ghost (novice TeVM)
  5233 | D:6      | Noticed Pikel
  5531 | D:6      | Noticed Menkaure
  5536 | D:6      | Killed Menkaure
  5570 | D:6      | Reached skill level 1 in Short Blades
  5721 | D:6      | Reached XP level 8. HP: 57/57 MP: 5/11
  5843 | D:6      | Found an ancient bone altar of Kikubaaqudgha.
  5844 | D:6      | Found a shadowy altar of Dithmenos.
  5845 | D:6      | Found an ornate altar of the Wu Jian Council.
  5861 | D:6      | Became a worshipper of Dithmenos the Shadowed
  6072 | D:6      | HP: 1/57 [acid (14)]
  6083 | D:6      | Killed Pikel
  6083 | D:6      | Reached skill level 5 in Short Blades
  6927 | D:7      | Reached XP level 9. HP: 26/62 MP: 5/12
  7378 | D:7      | Found a blossoming altar of Fedhas.
  7756 | D:7      | Reached * piety under Dithmenos
  8014 | D:7      | Found a hazy altar of Hepliaklqana.
  8796 | D:8      | Found a white marble altar of Elyvilon.
  8836 | D:8      | Found a shattered altar of Ashenzari.
  8917 | D:8      | Learned a level 2 spell: Sticks to Snakes
  8918 | D:8      | Found a shadowy altar of Dithmenos.
  8943 | D:8      | Reached skill level 10 in Short Blades
  9060 | D:8      | Reached ** piety under Dithmenos
  9060 | D:8      | Reached skill level 1 in Transmutations
  9473 | D:8      | Found a runed translucent gate.
  9473 | D:8      | Found a runed translucent gate.
  9473 | D:8      | Found a runed translucent gate.
  9492 | D:8      | Noticed RatmanManrat's ghost (novice MiBe)
 10032 | D:9      | Reached XP level 10. HP: 68/68 MP: 13/13
 10267 | D:9      | Found an iron altar of Okawaru.
 10384 | D:9      | Noticed Grum
 10489 | D:9      | Killed Grum
 10643 | D:9      | Reached skill level 5 in Transmutations
 11134 | D:9      | Found a burning altar of Makhleb.
 11175 | D:10     | Entered Level 10 of the Dungeon
 11635 | D:10     | Reached skill level 5 in Fighting
 11635 | D:10     | Reached skill level 5 in Dodging
 11857 | D:10     | Found Daeshi Bafy's Weapon Shop.
 11870 | D:10     | Got a steaming leather armour
 11871 | D:10     | Identified the +0 leather armour of Servitude {rF- rCorr
                  | Dex+8} (You found it on level 10 of the Dungeon)
 12094 | D:10     | Reached XP level 11. HP: 21/81 MP: 9/14
 12510 | D:10     | Reached *** piety under Dithmenos
 12719 | D:11     | Found a staircase to the Orcish Mines.
 12727 | Orc:1    | Entered Level 1 of the Orcish Mines
 13489 | D:11     | Noticed a two-headed ogre
 13495 | D:11     | Killed a two-headed ogre
 14320 | D:10     | Found a staircase to the Lair.
 14500 | D:10     | Noticed Josephine
 14505 | D:10     | Killed Josephine
 14970 | Lair:1   | Entered Level 1 of the Lair of Beasts
 15093 | Lair:1   | Found a runed translucent door.
 15093 | Lair:1   | Noticed wutend's ghost (journeyman TrBe)
 15549 | Lair:1   | Reached **** piety under Dithmenos
 16511 | Lair:2   | Found a staircase to the Swamp.
 16651 | Lair:2   | Reached XP level 12. HP: 42/92 MP: 6/15
 17215 | Lair:2   | Identified the Grimoire of the Entourage and Black Magic
 17259 | Lair:2   | Reached skill level 10 in Stealth
 18100 | Lair:3   | Noticed an eight-headed hydra
 18169 | Lair:4   | Noticed Rupert
 18188 | Lair:4   | Killed Rupert
 18313 | Lair:4   | Noticed a seven-headed hydra
 18612 | Lair:4   | Found a runed translucent door.
 18612 | Lair:4   | Noticed raph's ghost (journeyman HaBe)
 18768 | Lair:4   | Found a staircase to the Snake Pit.
 18773 | Lair:4   | Reached skill level 1 in Shields
 19997 | Lair:3   | Killed an eight-headed hydra
 21523 | Lair:5   | Gained mutation: A weak demonic guardian rushes to your
                  | aid. [demonic ancestry]
 21523 | Lair:5   | Reached XP level 13. HP: 101/101 MP: 16/16
 21526 | Lair:5   | Reached skill level 5 in Shields
 21985 | Lair:5   | Found a staircase to the Slime Pits.
 22415 | Lair:6   | Entered Level 6 of the Lair of Beasts
 22585 | Lair:6   | Reached skill level 1 in Invocations
 22793 | Lair:5   | Reached skill level 2 in Invocations
 22803 | Lair:5   | Reached skill level 3 in Invocations
 22979 | Lair:5   | Reached skill level 4 in Invocations
 23037 | Lair:6   | Reached skill level 5 in Invocations
 23571 | Lair:6   | Reached skill level 6 in Invocations
 23969 | Lair:6   | Reached skill level 7 in Invocations
 24346 | Lair:6   | Reached skill level 8 in Invocations
 24713 | Lair:6   | Reached skill level 9 in Invocations
 25189 | Lair:6   | Reached skill level 10 in Invocations
 25219 | Lair:6   | Reached skill level 11 in Invocations
 25514 | Lair:6   | Reached skill level 12 in Invocations
 25843 | Lair:4   | Gained mutation: You have hoof-like feet. [demonic
                  | ancestry]
 25843 | Lair:4   | Reached XP level 14. HP: 47/108 MP: 9/23
 26530 | D:11     | Found Wonavoez's Distillery.
 26536 | D:11     | Bought a potion of might for 52 gold pieces
 27203 | D:12     | Reached skill level 10 in Dodging
 27513 | D:12     | Got a smoking steel ring
 27679 | D:12     | Reached skill level 10 in Fighting
 27683 | D:12     | Identified the ring of Xonups {Ice rPois rN+} (You found it
                  | on level 12 of the Dungeon)
 27690 | D:12     | Learned a level 5 spell: Metabolic Englaciation
 28139 | D:13     | Found a gate to the Vaults.
 28139 | D:13     | Noticed Nessos
 28197 | D:11     | Reached skill level 1 in Hexes
 28198 | D:11     | Reached skill level 1 in Ice Magic
 28388 | Orc:1    | Noticed Snorg
 28426 | Orc:1    | Killed Snorg
 28485 | Orc:1    | Paralysed by an orc sorcerer for 7 turns
 28861 | Orc:2    | Entered Level 2 of the Orcish Mines
 29256 | Orc:2    | Found a roughly hewn altar of Beogh.
 29604 | Orc:2    | Found a staircase to the Elven Halls.
 29604 | Orc:2    | Noticed Urug
 29606 | Orc:2    | Killed Urug
 31477 | Orc:2    | Found Suinip's Assorted Antiques.
 31477 | Orc:2    | Found Lyuvval's Jewellery Shoppe.
 31477 | Orc:2    | Found Latas's Food Emporium.
 31479 | Orc:2    | Found Semaeji's Gadget Boutique.
 32134 | Orc:1    | Killed from afar by an orc priest

Skill      XL: |  1  2  3  4  5  6  7  8  9 10 11 12 13 14 |
---------------+-------------------------------------------+-----
Evocations     | 4 |  4.6
Dodging        | 2 5 7 9 10 | 10.1
Axes           | 1 2 |  2.4
Stealth        | 2 4 6 9 10 | 10.5
Fighting       | 2 6 7 9 10 | 10.0
Short Blades   | 2 7 10 | 10.0
Transmutations | 2 5 |  5.0
Shields        | 4 6 |  6.8
Invocations    | 12 | 12.3
Hexes          | 4 |  4.7
Ice Magic      | 4 |  4.0

Action                   |  1- 3 |  4- 6 |  7- 9 | 10-12 | 13-15 || total
-------------------------+-------+-------+-------+-------+-------++-------
Melee: Dagger            |   109 |    90 |   449 |  1476 |  1590 ||  3714
       Short sword       |     8 |       |       |       |       ||     8
       Kick              |     8 |    39 |   150 |    51 |       ||   248
       Battleaxe         |       |    64 |       |       |       ||    64
 Cast: Sticks to Snakes  |       |       |       |     3 |    63 ||    66
Invok: Shadow Step       |       |       |       |     1 |    10 ||    11
Evoke: Wand              |     3 |    12 |       |       |       ||    15
  Use: Scroll            |       |     3 |    15 |    19 |    23 ||    60
       Potion            |       |     1 |     9 |     6 |    11 ||    27
 Stab: Sleeping          |       |     6 |    20 |    57 |    41 ||   124
       Distracted        |       |       |       |     6 |    15 ||    21
  Eat: Chunk             |     3 |     6 |    11 |    25 |    28 ||    73
       Ration            |       |     1 |     2 |     3 |     4 ||    10
Armor: Leather armour    |    41 |    18 |       |   146 |   213 ||   418
       Ring mail         |       |    62 |    97 |    73 |       ||   232
Dodge: Dodged            |    66 |    97 |   182 |   864 |  1119 ||  2328
Block: Other             |       |       |    13 |   104 |    52 ||   169
       Reflection        |       |       |     7 |     1 |    35 ||    43
       Buckler           |       |       |       |       |   240 ||   240
